 Dungeon Crawl Stone Soup version 0.29.1-15-g9cfb28693d (webtiles) character file.

Game seed: 14631949476774859935

1219 BigDaddyOpFi the Ruffian (level 8, -7/117 HPs)
             Began as a Troll Transmuter on Mar 28, 2023.
             Was an Initiate of Wu Jian.
             Mangled by a two-headed ogre
             ... wielding a +0 dire flail
              (14 damage)
             ... on level 5 of the Dungeon on Apr 19, 2023.
             The game lasted 00:05:15 (3889 turns).

BigDaddyOpFi the Ruffian (Troll Transmuter)         Turns: 3889, Time: 00:05:15

Health: -7/117     AC: 11    Str: 21    XL:     8   Next: 23%
Magic:  8/8        EV: 10    Int: 16    God:    Wu Jian [......]
Gold:   232        SH:  0    Dex: 10    Spells: 8/9 levels left

rFire   . . .      SeeInvis .   c - +7 dagger of Indignation {freeze, *Slow rC+ rCorr Int+7}
rCold   + . .      Faith    .   (no shield)
rNeg    + . .      Spirit   .   b - +2 robe {rN+}
rPois   .          Reflect  .   (helmet restricted)
rElec   .          Harm     .   q - +0 cloak
rCorr   +          Rampage  .   (gloves unavailable)
Will    .....                   (boots unavailable)
Stlth   ..........              (no amulet)
HPRegen 1.09/turn               i - +4 ring of protection
MPRegen 0.11/turn               (no ring)

@: berserking, slowed
A: large, unfitting armour, claws 3, regeneration 1, shaggy fur 1, tough skin 1
a: Renounce Religion


You were on level 5 of the Dungeon.
You worshipped Wu Jian.
Wu Jian was noncommittal.
You visited 1 branch of the dungeon, and saw 6 of its levels.

You collected 232 gold pieces.

Inventory:

Hand Weapons
 a - a +3 vorpal scythe
 c - the +7 dagger of Indignation (weapon) {freeze, *Slow rC+ rCorr Int+7}
   (You found it on level 2 of the Dungeon)

   It freezes those it strikes, dealing additional cold damage.
   It can also slow down cold-blooded creatures.
   Int:       It affects your intelligence (+7).
   rC:        It protects you from cold.
   rCorr:     It protects you from acid and corrosion.
   *Slow:     It may slow you when you take damage.
Armour
 b - a +2 robe of positive energy (worn)
 q - a +0 cloak (worn)
Jewellery
 i - a +4 ring of protection (left claw)
Scrolls
 d - 3 scrolls of enchant armour
 o - a scroll of fog
Potions
 e - 4 potions of flight
 g - a potion of berserk rage
 h - a potion of degeneration
 j - 2 potions of heal wounds {unknown}
 l - a potion of magic {unknown}
 n - 2 potions of brilliance {unknown}


   Skills:
 + Level 4.0 Fighting
 * Level 4.3 Short Blades
 + Level 4.4 Dodging
 - Level 5.2 Unarmed Combat
 - Level 1.2 Spellcasting
 - Level 1.3 Transmutations


You had 8 spell levels left.
You knew the following spells:

 Your Spells              Type           Power      Damage    Failure   Level
a - Beastly Appendage     Tmut           10%        N/A       13%         1

Your spell library contained the following spells:

 Spells                   Type           Power      Damage    Failure   Level
 Wereblood                Tmut           5%         N/A       19%         2
 Magic Dart               Conj           0%         1d3       22%         1
 Necrotise                Necr           0%         1d4       22%         1
 Shock                    Conj/Air       0%         1d3       22%         1
 Call Imp                 Summ           0%         N/A       34%         2
 Spider Form              Tmut/Pois      3%         N/A       45%         3
 Mephitic Cloud           Conj/Pois/Air  0%         N/A       56%         3
 Swiftness                Air            0%         N/A       56%         3
 Vampiric Draining        Necr           0%         2d6       56%         3
 Ice Form                 Ice/Tmut       3%         N/A       86%         4
 Airstrike                Air            0%         2d(0-16)  92%         4
 Agony                    Necr           0%         N/A       99%         5


Dungeon Overview and Level Annotations

Branches:
Dungeon (6/15)             Temple (0/1) D:6

Altars:
Nemelex Xobeh
Ru
Trog
Wu Jian
Yredelemnul

Annotations:
D:4 2 transporters, wingedge's ghost, amateur DgWn


Innate Abilities, Weirdness & Mutations

You are too large for most types of armour.
You have claws for hands.
Your natural rate of healing is unusually fast.
You are covered in fur. (AC +1)
You have tough skin. (AC +1)


Message History

You climb downwards.
The centaur wields a +0 shortbow.
The centaur shoots an arrow.
The arrow hits you but does no damage.
A centaur comes into view. It is wielding a +0 whip.
The howler monkey hoots and howls with incredible vigour!
The centaur shoots an arrow.
The arrow hits you.
You hear a loud, deep croak!
You hear a shout! x2
There is a stone staircase leading up here.
The two-headed ogre closely misses you.
The two-headed ogre hits you with a +0 giant club!
The centaur shoots an arrow.
The arrow hits you but does no damage.
You climb upwards.
There is a stone staircase leading down here.
You hit the two-headed ogre but do no damage.
The two-headed ogre hits you with a +0 dire flail!
The two-headed ogre hits you with a +0 giant club.
You hit the two-headed ogre. You freeze the two-headed ogre.
The two-headed ogre is lightly wounded.
You puncture the two-headed ogre! You freeze the two-headed ogre.
The two-headed ogre is moderately wounded.
The two-headed ogre barely misses you.
The two-headed ogre hits you with a +0 giant club!
You hit the two-headed ogre. You freeze the two-headed ogre.
You claw the two-headed ogre!
The two-headed ogre is heavily wounded.
You feel better.
The two-headed ogre hits you with a +0 dire flail.
The two-headed ogre hits you with a +0 giant club!!
* * * LOW HITPOINT WARNING * * *
You feel better.
The two-headed ogre hits you with a +0 dire flail!
The two-headed ogre hits you with a +0 giant club!!
* * * LOW HITPOINT WARNING * * *
You feel yourself slow down.
Okay, then.
Okay, then.
A red film seems to cover your vision as you go berserk!
You feel yourself moving faster!
You feel mighty!
The two-headed ogre hits you but does no damage.
The two-headed ogre hits you with a +0 giant club!
You die...

#############
#.........).#
###.#########.#
#..O....# #.#
########### #.#@###.#
#.# ##.........###.#†#
#.# #.#
#.........#....#.###.#
#.#
....>....###....)....#
#.#
#.|..####.#.#.##.##..#
#.# ##..##
#..##.##.##..# #.#
#..#.# #..##.##.#...#
#.# ..#.[#
#..##.##.#..## #[#
.#...#
##.#>...^#..######.#


You could see a two-headed ogre.

Vanquished Creatures
  Sigmund (D:2)
  A vampire mosquito (D:6)
  A water moccasin (D:5)
  A black bear (D:6)
  An ogre (D:5)
  A phantom (D:5)
  2 scorpions
  A howler monkey (D:6)
  2 hounds (D:5)
  A gnoll bouda (D:6)
  An orc priest (D:5)
  2 iguanas
  An orc wizard (D:5)
  7 gnolls
  6 adders
  A worm (D:2)
  3 dart slugs
  7 orcs (D:5)
  9 ball pythons
  9 endoplasms
  5 giant cockroaches
  8 goblins
  6 hobgoblins
  5 jackals
  5 quokkas
  3 bats
  4 frilled lizards
  6 kobolds
  2 rats
102 creatures vanquished.

Vanquished Creatures (others)
  A fungus (D:2)
  10 plants (D:2)
11 creatures vanquished.

Grand Total: 113 creatures vanquished

Notes
Turn   | Place    | Note
-------+----------+-------------------------------------------
     0 | D:1      | BigDaddyOpFi the Troll Transmuter began the quest for the
                  | Orb.
     0 | D:1      | Reached XP level 1. HP: 18/18 MP: 1/1
   154 | D:1      | Reached skill level 1 in Fighting
   168 | D:1      | Reached XP level 2. HP: 27/27 MP: 2/2
   574 | D:2      | Reached XP level 3. HP: 33/33 MP: 3/3
   990 | D:2      | Reached skill level 4 in Unarmed Combat
  1023 | D:2      | Noticed Sigmund
  1041 | D:2      | Killed Sigmund
  1042 | D:2      | Reached skill level 5 in Unarmed Combat
  1042 | D:2      | Reached XP level 4. HP: 42/42 MP: 4/4
  1042 | D:2      | Reached XP level 5. HP: 49/49 MP: 5/5
  1523 | D:2      | Identified the +7 dagger of Indignation {freeze, *Slow rC+
                  | rCorr Int+7}
  1576 | D:2      | Found a faded altar of an unknown god.
  1869 | D:3      | Found a bloodstained altar of Trog.
  2026 | D:3      | Reached XP level 6. HP: 54/59 MP: 6/6
  2579 | D:4      | Reached skill level 1 in Short Blades
  2749 | D:4      | Found a transporter.
  2749 | D:4      | Identified the +2 giant club of Equivalence {drain, rF+ rC+
                  | Int-3}
  2750 | D:4      | Noticed wingedge's ghost (amateur DgWn)
  2765 | D:4      | Found a transporter.
  2899 | D:5      | Entered Level 5 of the Dungeon
  2907 | D:5      | Noticed a water moccasin
  2917 | D:5      | Killed a water moccasin
  2920 | D:5      | Reached XP level 7. HP: 34/66 MP: 7/7
  2997 | D:5      | Found a basalt altar of Yredelemnul.
  3031 | D:5      | Found a sparkling altar of Nemelex Xobeh.
  3313 | D:5      | Found a sacrificial altar of Ru.
  3339 | D:5      | Found an ornate altar of the Wu Jian Council.
  3347 | D:5      | Became a worshipper of the Wu Jian Council
  3665 | D:6      | Found a staircase to the Ecumenical Temple.
  3743 | D:6      | Noticed a vampire mosquito
  3756 | D:6      | Killed a vampire mosquito
  3757 | D:6      | Reached XP level 8. HP: 62/78 MP: 8/8
  3758 | D:6      | Noticed a two-headed ogre
  3888 | D:5      | HP: 3/78 [two-headed ogre/+0 dire flail (21)]
  3889 | D:5      | Mangled by a two-headed ogre

Illustrated notes

Levels and vault maps discovered:
D:1:      noname_arrival_rooms_in_the_neighbourhood, layout_basic
D:2:      layout_basic, shapermc_ecumenical_altar_hornbeckon, uniq_sigmund
D:3:      layout_basic, mainiacjoe_overflow_24_doors,
          nicolae_kite_square_tiling_tiny
D:4:      layout_cave_pools, gammafunk_ghost_smash
D:5:      layout_loops_ring, nzn_wu_jian_contemplation,
          mainiacjoe_overflow_catwalk, general_overflow_altar,
          nemelex_diamond_rough_becter, hangedman_abyss_or_decor_slice
D:6:      layout_basic, nicolae_overflow_crystal_walls,
          nicolae_tso_besieged_by_evil, minmay_temple_entry_slanted,
          serial_shops, nicolae_shop_trees, kb_lookout_dungeons_type,
          minmay_stone_trees_small, minmay_manual_monstrance

Skill      XL: |  1  2  3  4  5  6  7  8 |
---------------+-------------------------+-----
Fighting       | 1 2 3 4 |  4.0
Dodging        | 2 3 4 |  4.4
Unarmed Combat | 5 |  5.2
Short Blades   | 2 4 |  4.3
Spellcasting   | |  1.2
Transmutations | |  1.3

Action                   |  1- 3 |  4- 6 |  7- 9 || total
-------------------------+-------+-------+-------++-------
Melee: Unarmed           |    76 |    15 |       ||    91
       Punch             |     4 |     2 |     5 ||    11
       Dagger            |       |    91 |   112 ||   203
Invok: Lunge             |       |       |     3 ||     3
  Use: Potion            |     2 |       |     5 ||     7
       Scroll            |       |     4 |     7 ||    11
 Stab: Sleeping          |     1 |       |       ||     1
Armor: Robe              |    16 |    34 |    80 ||   130
       Skin              |     4 |       |       ||     4
Dodge: Dodged            |    32 |    53 |   101 ||   186
